 Dungeon Crawl Stone Soup version 0.25-a0-829-g4e6a552 (webtiles) character file.

Game seed: 14354799857722965706, levelgen mode: deterministic

360165 Faca the Brawler (level 21, -38/217 HPs)
             Began as a Troll Fighter on Apr 20, 2020.
             Was the Champion of Okawaru.
             Killed from afar by a lich (91 damage)
             ... with an iron shot
             ... on level 2 of the Depths on Apr 21, 2020.
             The game lasted 01:53:19 (44328 turns).

Faca the Brawler (Troll Fighter)                   Turns: 44328, Time: 01:53:19

Health: -38/217    AC: 41    Str: 39    XL:     21   Next: 47%
Magic:  27/27      EV: 11    Int: 13    God:    Okawaru [******]
Gold:   110        SH: 31    Dex:  9    Spells: 20/20 levels left

rFire    + + .     SeeInvis .     - Unarmed
rCold    + . .     Gourm    +   r - +5 tower shield {AC+3}
rNeg     . . .     Faith    .   C - +9 scales of the Dragon King {rPois rF+ rC+ MR+}
rPois    +         Spirit   .   O - +0 hat of Noughts and Crosses {Str+2 Int+9 Stlth-}
rElec    .         Reflect  +   i - +2 cloak
rCorr    .         Harm     .   (gloves unavailable)
MR       +++..                  (boots unavailable)
Stlth    ..........             T - +2 amulet of reflection
HPRegen  0.86/turn              g - ring of protection from fire
MPRegen  0.20/turn              P - ring "Utecled" {+Fly MR+}

@: about to teleport, heroism, lightly drained
A: large, unfitting armour, claws 3, fast metabolism 3, gourmand, regeneration
1, shaggy fur 1, tough skin 3
}: 2/15 runes: decaying, serpentine
a: Heroism, Finesse, Renounce Religion, Evoke Flight


You were on level 2 of the Depths.
You worshipped Okawaru.
Okawaru was exalted by your worship.
You were completely stuffed.

You visited 8 branches of the dungeon, and saw 39 of its levels.
You also visited: Sewer and Volcano.

You collected 5289 gold pieces.
You spent 5179 gold pieces at shops.

Inventory:

Missiles
 e - 31 javelins (quivered)
 j - 80 large rocks
 F - 21 silver javelins
Armour
 i - a +2 cloak (worn)
 r - a +5 tower shield of protection (worn)
 C - the +9 scales of the Dragon King (worn) {rPois rF+ rC+ MR+}
   (You bought it in a shop on level 2 of the Orcish Mines)

   It protects you from fire.
   It protects you from cold.
   It protects you from poison.
   It affects your resistance to hostile enchantments.
 O - the +0 hat of Noughts and Crosses (worn) {Str+2 Int+9 Stlth-}
   (Okawaru gifted it to you on level 5 of the Lair of Beasts)

   It affects your strength (+2).
   It affects your intelligence (+9).
   It makes you less stealthy.
Jewellery
 b - an uncursed ring of see invisible
 g - a ring of protection from fire (left claw)
 P - the ring "Utecled" (right claw) {+Fly MR+}
   (You took it off a naga mage on level 1 of the Snake Pit)

   [ring of flight]

   It affects your resistance to hostile enchantments.
   It lets you fly.
 S - the ring "Ywkapix" {rElec rF++ Int+4 Dex-5 Stlth+}
   (You found it on level 4 of the Lair of Beasts)

   [ring of stealth]

   It affects your intelligence (+4).
   It affects your dexterity (-5).
   It greatly protects you from fire.
   It insulates you from electricity.
   It makes you more stealthy.
 T - a +2 amulet of reflection (around neck)
 U - an uncursed ring of resist corrosion
Wands
 a - a wand of clouds (5)
 f - a wand of acid (27)
 y - a wand of digging (9)
Scrolls
 n - 12 scrolls of teleportation
 o - 18 scrolls of remove curse
 p - 8 scrolls of fear
 s - 5 scrolls of immolation
 v - 7 scrolls of fog
 x - 11 scrolls of magic mapping
 D - 3 scrolls of blinking
 H - a scroll of silence
 J - 7 scrolls of enchant weapon
 N - 6 scrolls of identify
 Q - 2 scrolls of brand weapon
 R - 2 scrolls of summoning
Potions
 c - 5 potions of might
 h - 7 potions of lignification
 k - 7 potions of mutation
 m - 15 potions of curing
 q - 5 potions of cancellation
 u - 4 potions of berserk rage
 w - a potion of brilliance
 z - 3 potions of flight
 A - 5 potions of invisibility
 B - 7 potions of haste
 I - 3 potions of ambrosia
 L - a potion of heal wounds
 M - 4 potions of resistance
Comestibles
 d - 59 rations
 l - 8 chunks of flesh


   Skills:
 + Level 14.8(19.2) Fighting
 + Level 16.8(21.1) Throwing
 + Level 13.7(18.1) Armour
 - Level 10.1(14.5) Dodging
 + Level 12.6(17.1) Shields
 + Level 17.2(21.5) Unarmed Combat
 - Level 10.0(9.5) Invocations


You had 20 spell levels left.
You didn't know any spells.
Your spell library contained the following spells:

 Spells                   Type           Power        Failure   Level  Hunger
 Beastly Appendage        Tmut           #.....       91%         1    ##.....
 Corona                   Hex            #......      91%         1    ##.....
 Magic Dart               Conj           #...         91%         1    ##.....
 Shock                    Conj/Air       #...         91%         1    ##.....
 Sting                    Tmut/Pois      #...         91%         1    ##.....
 Summon Small Mammal      Summ           #...         91%         1    ##.....
 Blink                    Tloc           N/A          97%         2    ###....
 Call Imp                 Summ           #.......     97%         2    ###....
 Ensorcelled Hibernation  Hex/Ice        #.....       97%         2    ###....
 Poisonous Vapours        Pois/Air       #.....       97%         2    ###....
 Searing Ray              Conj           #.....       97%         2    ###....
 Slow                     Hex            #.......     97%         2    ###....
 Sticks to Snakes         Tmut           #.......     97%         2    ###....
 Sublimation of Blood     Necr           #.........   97%         2    ###....
 Swiftness                Chrm/Air       #.......     97%         2    ###....
 Call Canine Familiar     Summ           #.......     100%        3    ####...
 Confusing Touch          Hex            #.......     100%        3    ####...
 Conjure Flame            Conj/Fire      #.......     100%        3    ####...
 Dazzling Flash           Conj/Hex       #.....       100%        3    ####...
 Gell's Gravitas          Tloc           #.........   100%        3    ####...
 Ignite Poison            Fire/Tmut/Pois #.......     100%        3    ####...
 Inner Flame              Hex/Fire       #.......     100%        3    ####...
 Mephitic Cloud           Conj/Pois/Air  #.......     100%        3    ####...
 Portal Projectile        Hex/Tloc       #.....       100%        3    ####...
 Spider Form              Tmut/Pois      #.........   100%        3    ####...
 Static Discharge         Conj/Air       #.......     100%        3    ####...
 Summon Guardian Golem    Hex/Summ       #.......     100%        3    ####...
 Tukima's Dance           Hex            #.......     100%        3    ####...
 Airstrike                Air            #.........   100%        4    #####..
 Cause Fear               Hex            #.........   100%        4    #####..
 Fulminant Prism          Conj/Hex       #.........   100%        4    #####..
 Ice Form                 Ice/Tmut       #.......     100%        4    #####..
 Iskenderun's Mystic Bla  Conj/Tloc      #.......     100%        4    #####..
 Leda's Liquefaction      Hex/Erth       #.........   100%        4    #####..
 Olgreb's Toxic Radiance  Pois           #.......     100%        4    #####..
 Petrify                  Tmut/Erth      #.......     100%        4    #####..
 Summon Ice Beast         Ice/Summ       #.......     100%        4    #####..
 Summon Lightning Spire   Summ/Air       #.......     100%        4    #####..
 Alistair's Intoxication  Tmut/Pois      #.......     100%        5    ######.
 Blade Hands              Tmut           #.........   100%        5    ######.
 Bolt of Magma            Conj/Fire/Erth #.........   100%        5    ######.
 Irradiate                Conj/Tmut      #.........   100%        5    ######.
 Iskenderun's Battlesphe  Conj/Chrm      #.......     100%        5    ######.
 Lightning Bolt           Conj/Air       #.........   100%        5    ######.
 Metabolic Englaciation   Hex/Ice        #.........   100%        5    ######.
 Yara's Violent Unravell  Hex/Tmut       #.........   100%        5    ######.
 Eringya's Noxious Bog    Tmut/Pois      #.........   100%        6    #######
 Iron Shot                Conj/Erth      #.........   100%        6    #######
 Orb of Destruction       Conj           #.........   100%        7    #######
 Spellforged Servitor     Conj/Summ      #.........   100%        7    #######
 Ignition                 Fire           #.........   100%        8    #######
 Shatter                  Erth           #.........   100%        9    #######
 Tornado                  Air            #.........   100%        9    #######


Dungeon Overview and Level Annotations

Branches:
Dungeon (15/15)            Temple (1/1) D:7            Lair (6/6) D:8
  Swamp (4/4) Lair:2        Snake (4/4) Lair:2        Slime (0/5) Lair:6
    Orc (2/2) D:10            Elf (0/3) Orc:2        Vaults (5/5) D:14
  Crypt (0/3) Vaults:2     Depths (2/5) D:15          Sewer (visited)
Volcano (visited)

Altars:
Ashenzari
Cheibriados
Dithmenos
Elyvilon
Fedhas
Gozag
Hepliaklqana
Kikubaaqudgha
Makhleb
Nemelex Xobeh
Okawaru
Qazlal
Ru
Sif Muna
Trog
Uskayaw
Vehumet
Wu Jian
Xom
Yredelemnul
Zin
The Shining One
Beogh

Shops:
D:5 [   D:8 =   D:10 ([   Orc:2 !([:*   Snake:3 ?%=([   Snake:4 =   Vaults:2 *
Vaults:3 (

Portals:
Hell: Depths:1
Trove: Depths:1 (give 16 scrolls of teleportation)

Annotations:
Depths:1 exclusion: 2 orange crystal statues


Innate Abilities, Weirdness & Mutations

You are too large for most types of armour.
You have claws for hands.
Your metabolism is lightning-fast.
You like to eat raw meat.
Your natural rate of healing is unusually fast.
You are covered in fur. (AC +1)
You have extremely tough skin. (AC +3)


Message History

The lich points at you and mumbles some strange words.
The iron shot hits you!!!
* * * LOW HITPOINT WARNING * * *
You claw the lich!
The lich is heavily damaged.
The spriggan air mage waves its arms in wide circles.
The air twists around and strikes you.
* * * LOW HITPOINT WARNING * * *
You mangle the lich!!
The lich is severely damaged.
You block the lich's attack.
The spriggan air mage waves its arms in wide circles.
The air twists around and strikes you!
* * * LOW HITPOINT WARNING * * *
As you read the scroll of teleportation, it crumbles to dust.
You feel strangely unstable. You block the lich's attack.
You feel much better.
The lich points at you and mumbles some strange words.
The iron shot hits you!!!!
You die...

#. ### ### ##..
#.###..# # #..#....
#.############......#
#........)...........
####)#########.......
#@# #....... #L#
#.....## #D# #...(..#
#1# #......#


#iQ #....... #.# #......# ... #....... ... #....≈.. #....... You could see a
fire dragon, a tengu reaver, a lich, an Executioner and a spriggan air mage.

Vanquished Creatures
  Sojobo (Vaults:3)
  Bai Suzhen (Depths:1)
  Nikola (Swamp:2)
  A lich (Depths:2)
  Rupert (Lair:3)
  A titan (Depths:2)
  Jorgrun (D:14)
  Asterion (Depths:2)
  A storm dragon (Vaults:4)
  2 thorn hunters
  A shadow dragon (Depths:2)
  Donald (Swamp:3)
  Kirke (Swamp:2)
  2 tengu reavers (Vaults:3)
  5 nagarajas
  3 frost giants
  A fire giant (D:15)
  7 vault wardens
  An orc warlord (Orc:2)
  An iron dragon (Depths:2)
  The ghost of gowby the Carver, a journeyman BaSk of Okawaru (Swamp:2)
  Louise (Swamp:2)
  A ghoul (Vaults:1)
  6 stone giants
  11 ironheart preservers
  2 large abominations (Vaults:2)
  3 vampire knights
  12 very ugly things
  An entropy weaver (Vaults:4)
  The ghost of Peimeink the Basher, a journeyman TrMo of Ashenzari (Lair:3)
  Snorg (D:13)
  7 ettins
  A small abomination (Vaults:2)
  4 fire dragons
  A deep elf death mage (Vaults:2)
  3 great orbs of eyes
  The ghost of Afeuxeg the Carver, a journeyman MiFi of the Shining One (D:12)
  7 yaktaur captains
  A merfolk impaler (Depths:2)
  An ice dragon (Vaults:4)
  2 vault guards
  4 rakshasas
  14 naga warriors
  Fannar (Lair:3)
  2 ghost crabs (Swamp:2)
  26 hydras
  Erica (Lair:2)
  10 centaur warriors
  2 shambling mangroves (Swamp:3)
  11 anacondas
  6 death yaks
  42 two-headed ogres
  A death knight (Vaults:1)
  2 catoblepae
  10 alligators
  12 ogre magi
  An orc high priest (Orc:2)
  6 deep troll shamans
  6 shock serpents
  Urug (Lair:5)
  A vampire mage (Vaults:2)
  2 deep troll earth magi
  7 tengu warriors
  16 naga sharpshooters
  5 deep elf knights
  7 hell knights (Vaults:2)
  An iron troll (Depths:2)
  2 salamander mystics (Snake:4)
  A fire crab (D:14)
  2 skeletal warriors
  18 deep trolls
  6 unseen horrors
  A spriggan druid (Swamp:4)
  2 wizards
  10 swamp dragons
  4 glowing orange brains
  7 ironbrand convokers
  A harpy (shapeshifter) (Vaults:2)
  A swamp dragon (shapeshifter) (Vaults:4)
  9 naga ritualists
  4 wolf spiders
  4 harpies
  2 necromancers
  10 mana vipers
  4 deep elf magi
  2 wolf spider zombies (D:12)
  3 deep elf archers
  A phantasmal warrior (Vaults:1)
  20 orc knights
  3 cyclopes
  4 orc sorcerers
  5 salamanders
  2 oklob plants (Lair:2)
  A manticore (D:11)
  A shining eye (shapeshifter) (Depths:2)
  40 slime creatures
  A stone giant skeleton (Vaults:1)
  41 ugly things
  19 elephants
  9 guardian serpents
  49 black mambas
  Joseph (D:9)
  26 naga magi
  A molten gargoyle (Volcano)
  9 vault sentinels
  A gargoyle (D:11)
  A spiny frog (shapeshifter) (Vaults:1)
  14 spiny frogs
  A torpor snail (Lair:5)
  Maggie (D:6)
  29 yaktaurs
  7 centaur skeletons
  2 kobold demonologists
  3 rime drakes
  A rime drake (shapeshifter) (Vaults:1)
  4 komodo dragons
  3 tengu conjurers
  4 freezing wraiths
  7 trolls
  A meliai (shapeshifter) (Vaults:3)
  A wolf spider simulacrum (D:12)
  A hornet (shapeshifter) (Vaults:3)
  4 polar bears
  3 meliai (D:13)
  13 hornets
  17 bog bodies
  8 hippogriffs
  11 tyrant leeches
  A spectral swamp dragon (Swamp:2)
  A raiju (shapeshifter) (Vaults:3)
  11 blink frogs
  2 blink frogs (shapeshifter) (D:13)
  A snapping turtle (shapeshifter) (Depths:2)
  3 centaur simulacra
  A tarantella (shapeshifter) (Vaults:2)
  A shapeshifter (Vaults:3)
  8 shadows
  4 wyverns
  4 spriggans
  A water elemental (Depths:2)
  A redback (Vaults:4)
  42 yaks
  2 wraiths
  A steam dragon (D:10)
  A yak (shapeshifter) (Vaults:3)
  An orc simulacrum (Vaults:1)
  6 fire bats (Volcano)
  2 fire elementals (Volcano)
  A basilisk (Lair:2)
  2 hogs (Swamp:2)
  A human (shapeshifter) (Vaults:3)
  26 vampire mosquitoes
  22 swamp worms
  3 hungry ghosts
  49 nagas
  9 insubstantial wisps (Swamp:4)
  A naga (shapeshifter) (D:11)
  3 wargs (D:8)
  A soldier ant (D:12)
  11 water moccasins
  An acid dragon (D:14)
  A hydra simulacrum (Swamp:2)
  A water moccasin (shapeshifter) (Vaults:2)
  2 hell hounds (Orc:2)
  An ice beast (D:9)
  7 swamp drakes
  An ogre skeleton (Vaults:1)
  A floating eye (Depths:2)
  6 porcupines
  A hornet zombie (D:12)
  5 sky beasts
  51 orc warriors
  A necrophage (D:9)
  3 black bears
  3 eyes of draining
  An eye of draining (shapeshifter) (D:5)
  4 phantoms
  29 ogres
  11 boggarts
  26 wolves
  11 centaurs
  10 crocodiles
  5 big kobolds
  15 bullfrogs
  A spectral wyvern (D:12)
  3 earth elementals (Volcano)
  A wyvern zombie (D:12)
  A gnoll sergeant (D:5)
  3 scorpions
  A wyvern skeleton (D:10)
  An elf simulacrum (Vaults:3)
  2 human simulacra
  25 killer bees
  2 howler monkeys (D:10)
  An electric eel (Lair:2)
  5 crimson imps
  8 centaur zombies
  2 bullfrog zombies
  4 jellies
  2 quasits
  6 lava snakes (Volcano)
  26 orc wizards
  5 hounds
  Crazy Yiuf (D:4)
  2 gnoll shamans
  24 orc priests
  An iguana (D:7)
  Ijyb (D:4)
  4 bullfrog skeletons
  19 worker ants
  A killer bee zombie (D:9)
  A hound zombie (D:11)
  A hound skeleton (D:7)
  A howler monkey zombie (D:7)
  A worker ant zombie (D:10)
  57 gnolls
  14 adders
  5 river rats
  5 shadow imps
  A white imp (D:6)
  2 adder skeletons (D:4)
  An adder zombie (D:7)
  4 oozes
  11 worms
  4 dart slugs
  8 leopard geckos
  109 orcs
  5 bats
  5 giant cockroaches
  4 goblins
  8 hobgoblins
  24 jackals
  2 quokkas
  7 ball pythons
  10 frilled lizards
  2 jackal skeletons
  47 kobolds
  2 leopard gecko skeletons
  2 leopard gecko zombies
  17 rats
  3 briar patches (Swamp:3)
  A bush (Lair:1)
  A fungus (D:4)
  A plant (Lair:2)
1700 creatures vanquished.

Vanquished Creatures (others)
  2 yaktaur captains (Vaults:2)
  2 centaur warriors
  A deep elf archer (Vaults:2)
  A salamander (Snake:3)
  A spiny frog (Swamp:2)
  7 yaktaurs
  An efreet (Volcano)
  A bog body (Swamp:2)
  2 humans (Swamp:2)
  A swamp drake (Swamp:4)
  2 centaurs (Vaults:1)
  A boggart (Vaults:2)
  A crocodile (D:14)
  3 briar patches (Swamp:3)
  2 fungi
  4 plants (Lair:6)
32 creatures vanquished.

Grand Total: 1732 creatures vanquished

Notes
Turn   | Place    | Note
-------+----------+-------------------------------------------
     0 | D:1      | Faca the Troll Fighter began the quest for the Orb.
     0 | D:1      | Reached XP level 1. HP: 22/22 MP: 0/0
   394 | D:1      | Reached XP level 2. HP: 29/29 MP: 1/1
  1054 | D:2      | Reached XP level 3. HP: 32/37 MP: 2/2
  1067 | D:2      | Reached skill level 3 in Unarmed Combat
  1072 | D:2      | Noticed a centaur
  1084 | D:2      | Killed a centaur
  1084 | D:2      | Reached XP level 4. HP: 23/46 MP: 3/3
  1277 | D:2      | Reached XP level 5. HP: 54/54 MP: 4/4
  1283 | D:2      | Reached skill level 4 in Unarmed Combat
  1827 | D:3      | Found a bloodstained altar of Trog.
  2152 | D:3      | Reached XP level 6. HP: 58/62 MP: 5/5
  2551 | D:4      | Noticed Ijyb
  2565 | D:4      | Killed Ijyb
  2568 | D:4      | Reached skill level 5 in Unarmed Combat
  2854 | D:4      | Found a radiant altar of Vehumet.
  2910 | D:4      | Reached skill level 5 in Fighting
  2910 | D:4      | Reached skill level 1 in Throwing
  2910 | D:4      | Reached XP level 7. HP: 67/72 MP: 6/6
  3148 | D:4      | Reached skill level 6 in Unarmed Combat
  3430 | D:4      | Found a runed translucent door.
  3431 | D:4      | Noticed Crazy Yiuf
  3442 | D:4      | Killed Crazy Yiuf
  3500 | D:5      | Entered Level 5 of the Dungeon
  3508 | D:5      | Found Kezetu Sias's Antique Armour Shoppe.
  3524 | D:5      | Noticed a +0 dagger
  3525 | D:5      | Found a hide-covered altar of Uskayaw.
  3525 | D:5      | Noticed a +0 dagger
  3622 | D:5      | Reached XP level 8. HP: 83/83 MP: 7/7
  3750 | D:5      | Found a glowing drain.
  3755 | Sewer    | Entered a sewer
  3791 | Sewer    | Reached skill level 7 in Unarmed Combat
  4236 | D:5      | Reached skill level 1 in Armour
  4465 | D:4      | Reached XP level 9. HP: 41/92 MP: 8/8
  4787 | D:5      | Noticed a fire crab
  5299 | D:6      | Noticed Maggie
  5305 | D:6      | Killed Maggie
  5305 | D:6      | Reached skill level 5 in Throwing
  5305 | D:6      | Reached skill level 8 in Unarmed Combat
  6318 | D:7      | Found a sacrificial altar of Ru.
  6323 | D:7      | Found a shimmering altar of Xom.
  6326 | D:7      | Found a white marble altar of Elyvilon.
  6428 | D:7      | Found a staircase to the Ecumenical Temple.
  6434 | Temple   | Entered the Ecumenical Temple
  6441 | Temple   | Became a worshipper of Warmaster Okawaru
  6659 | D:7      | Reached XP level 10. HP: 102/102 MP: 9/9
  6685 | D:7      | Killed an unseen horror
  6699 | D:7      | Noticed a two-headed ogre
  6717 | D:7      | Killed a two-headed ogre
  6717 | D:7      | Reached * piety under Okawaru
  6717 | D:7      | Reached skill level 9 in Unarmed Combat
  7284 | D:8      | Found Soehiplu's Jewellery Shoppe.
  7298 | D:8      | Bought a cursed ring of attention for 54 gold pieces
  7466 | D:8      | Found an ancient bone altar of Kikubaaqudgha.
  7468 | D:8      | Noticed a two-headed ogre
  7477 | D:8      | Killed a two-headed ogre
  7477 | D:8      | Reached ** piety under Okawaru
  7477 | D:8      | Reached skill level 5 in Armour
  7669 | D:8      | Found a staircase to the Lair.
  8072 | D:8      | Reached *** piety under Okawaru
  8169 | D:9      | Noticed a two-headed ogre
  8178 | D:8      | Reached XP level 11. HP: 113/113 MP: 10/10
  8214 | D:8      | Killed a two-headed ogre
  8332 | D:9      | Reached skill level 10 in Unarmed Combat
  8449 | D:9      | Reached **** piety under Okawaru
  8496 | D:9      | Noticed Joseph
  8502 | D:9      | Paralysed by Joseph for 5 turns
  8522 | D:9      | Killed Joseph
  8719 | D:9      | Found a sparkling altar of Nemelex Xobeh.
  8731 | D:9      | Got a dazzling whip
  8732 | D:9      | Identified the +1 whip "Faca's Foe" {vorpal, rPois} (You
                  | found it on level 9 of the Dungeon)
  8964 | D:9      | Found a shattered altar of Ashenzari.
  8965 | D:9      | Found a blossoming altar of Fedhas.
  9212 | D:10     | Entered Level 10 of the Dungeon
  9410 | D:10     | Reached ***** piety under Okawaru
  9718 | D:10     | Found Wooqesom's Weapon Shop.
  9721 | D:10     | Found a staircase to the Orcish Mines.
  9732 | D:10     | Found Zesar's Armour Shop.
 10204 | D:11     | Received a gift from Okawaru
 10207 | D:11     | Got a slimy robe {god gift}
 10219 | D:11     | Identified the +2 robe of Pirifoj {rElec rCorr Str+2
                  | Stlth+} (Okawaru gifted it to you on level 11 of the
                  | Dungeon)
 10611 | D:11     | Reached XP level 12. HP: 110/124 MP: 11/11
 11097 | Lair:1   | Entered Level 1 of the Lair of Beasts
 11333 | Lair:1   | Reached skill level 11 in Unarmed Combat
 12021 | Lair:2   | Noticed Erica
 12139 | Lair:2   | Killed Erica
 12410 | Lair:2   | Found a staircase to the Snake Pit.
 12630 | Lair:2   | You fall into a shaft and drop 2 floors!
 12664 | Lair:4   | Noticed a seven-headed hydra
 12677 | Lair:4   | Killed a two-headed hydra
 12799 | Lair:3   | Noticed Fannar
 12809 | Lair:3   | Killed Fannar
 12809 | Lair:3   | Received a gift from Okawaru
 12809 | Lair:3   | Reached skill level 10 in Fighting
 13043 | Lair:2   | Received a gift from Okawaru
 13043 | Lair:2   | Reached skill level 5 in Shields
 13044 | Lair:2   | Found a staircase to the Swamp.
 13298 | Lair:2   | Reached XP level 13. HP: 98/133 MP: 12/12
 13626 | Lair:3   | Noticed Rupert
 13627 | Lair:3   | Paralysed by Rupert for 3 turns
 13639 | Lair:3   | Killed Rupert
 13663 | Lair:3   | Found a runed translucent gate.
 13663 | Lair:3   | Found a runed translucent gate.
 13663 | Lair:3   | Found a runed translucent gate.
 13663 | Lair:3   | Noticed Peimeink's ghost (journeyman TrMo)
 13671 | Lair:3   | Reached skill level 12 in Unarmed Combat
 14095 | Lair:4   | Reached skill level 10 in Throwing
 14284 | Lair:4   | Reached ****** piety under Okawaru
 14591 | Lair:4   | Got a vibrating glass ring
 14592 | Lair:4   | Identified the ring "Ywkapix" {rElec rF++ Int+4 Dex-5
                  | Stlth+} (You found it on level 4 of the Lair of Beasts)
 15033 | Lair:5   | Received a gift from Okawaru
 15036 | Lair:5   | Got a fine hat {god gift}
 15049 | Lair:5   | Identified the +0 hat of Noughts and Crosses {Str+2 Int+9
                  | Stlth-} (Okawaru gifted it to you on level 5 of the Lair of
                  | Beasts)
 15611 | Lair:5   | Noticed Urug
 15627 | Lair:5   | Killed Urug
 15986 | Lair:6   | Entered Level 6 of the Lair of Beasts
 16183 | Lair:6   | Reached XP level 14. HP: 97/144 MP: 13/13
 16483 | Lair:6   | Received a gift from Okawaru
 16655 | Lair:6   | Found a staircase to the Slime Pits.
 16988 | Lair:6   | Identified a scroll of acquirement
 16988 | Lair:6   | Identified the ring "Zeuzava" {rC+ Int-3 Dex+3} (You
                  | acquired it on level 6 of the Lair of Beasts)
 17226 | Orc:1    | Entered Level 1 of the Orcish Mines
 17364 | Orc:2    | Entered Level 2 of the Orcish Mines
 17374 | Orc:2    | Found a burning altar of Makhleb.
 17381 | Orc:2    | Found a staircase to the Elven Halls.
 17461 | Orc:2    | Paralysed by an orc sorcerer for 6 turns
 17536 | Orc:2    | Found a dark tunnel.
 17572 | Volcano  | Entered a volcano
 17778 | Volcano  | Noticed a stone giant
 17807 | Volcano  | Found a radiant altar of Vehumet.
 17810 | Volcano  | Reached skill level 13 in Unarmed Combat
 17849 | Volcano  | Killed a stone giant
 18137 | Orc:1    | Received a gift from Okawaru
 18724 | Orc:2    | Noticed an orc warlord
 18740 | Orc:2    | Killed an orc warlord
 19080 | Orc:2    | Found a roughly hewn altar of Beogh.
 19341 | Orc:2    | Found Vilysaph's General Store.
 19356 | Orc:2    | Found Tibb's Book Boutique.
 19432 | Orc:2    | Found Yckodwixt's Distillery.
 19442 | Orc:2    | Found Xopaumm's Antique Weapon Boutique.
 19462 | Orc:2    | Bought a potion of invisibility for 128 gold pieces
 19726 | Orc:2    | Found Xuphoofi's Antique Armour Boutique.
 19864 | D:12     | Found a runed translucent gate.
 19864 | D:12     | Found a runed translucent gate.
 19899 | D:12     | Found a runed translucent gate.
 19902 | D:12     | Noticed Afeuxeg's ghost (journeyman MiFi)
 19967 | D:12     | Received a gift from Okawaru
 19986 | D:12     | Got a crude long sword {god gift}
 19987 | D:12     | Identified the +1 long sword of Vaxiqob {freeze, Int+4}
                  | (Okawaru gifted it to you on level 12 of the Dungeon)
 20362 | D:13     | Reached XP level 15. HP: 154/154 MP: 14/14
 20365 | D:13     | Noticed Snorg
 20394 | D:13     | Killed Snorg
 20828 | D:13     | Reached skill level 1 in Invocations
 20835 | D:13     | Reached skill level 5 in Dodging
 20968 | D:13     | Received a gift from Okawaru
 20968 | D:13     | Reached skill level 10 in Armour
 20972 | D:13     | Got a colourful robe {god gift}
 20983 | D:13     | Identified the +0 robe of Ussi {*Slow rCorr Int+2} (Okawaru
                  | gifted it to you on level 13 of the Dungeon)
 21686 | D:14     | Found a gate to the Vaults.
 21760 | D:14     | Noticed Jorgrun
 21773 | D:14     | Killed Jorgrun
 21943 | D:14     | You fall into a shaft and drop 1 floor!
 21943 | D:15     | Entered Level 15 of the Dungeon
 22531 | D:15     | Received a gift from Okawaru
 22799 | D:15     | Received a gift from Okawaru
 22958 | D:15     | Received a gift from Okawaru
 23194 | D:15     | Noticed a fire giant
 23206 | D:15     | Killed a fire giant
 23208 | D:15     | Found a staircase to the Depths.
 23631 | Swamp:1  | Entered Level 1 of the Swamp
 23677 | Swamp:1  | Reached XP level 16. HP: 105/165 MP: 17/17
 24342 | Swamp:2  | Noticed Kirke
 24367 | Swamp:2  | Killed Kirke
 24395 | Swamp:1  | Reached skill level 14 in Unarmed Combat
 24547 | Swamp:2  | Noticed gowby's ghost (journeyman BaSk)
 24558 | Swamp:2  | Found a transporter.
 24563 | Swamp:2  | Found a transporter.
 24661 | Swamp:2  | Noticed Nikola
 24692 | Swamp:2  | Killed Nikola
 24850 | Swamp:2  | Noticed Louise
 24860 | Swamp:2  | Killed Louise
 25346 | Swamp:3  | Noticed a thorn hunter
 25360 | Swamp:3  | Killed a thorn hunter
 25619 | Swamp:3  | Received a gift from Okawaru
 25636 | Swamp:3  | Reached skill level 5 in Invocations
 25700 | Swamp:3  | Noticed Donald
 25744 | Swamp:3  | Killed Donald
 26169 | Swamp:3  | Received a gift from Okawaru
 26367 | Swamp:3  | Received a gift from Okawaru
 26553 | Swamp:4  | Entered Level 4 of the Swamp
 26981 | Swamp:4  | Noticed a thorn hunter
 26999 | Swamp:4  | Killed a thorn hunter
 26999 | Swamp:4  | Received a gift from Okawaru
 27073 | Swamp:4  | Received a gift from Okawaru
 27142 | Swamp:3  | Reached XP level 17. HP: 168/175 MP: 20/20
 27472 | Swamp:4  | Received a gift from Okawaru
 27546 | Swamp:4  | Got a decaying rune of Zot
 27935 | Swamp:2  | Killed gowby's ghost
 28174 | Lair:3   | Killed Peimeink's ghost
 28303 | Snake:1  | Entered Level 1 of the Snake Pit
 28323 | Snake:1  | Received a gift from Okawaru
 29182 | Snake:1  | Identified the +2 longbow of Hept {vorpal, rF+} (Okawaru
                  | gifted it to you on level 1 of the Snake Pit)
 29615 | Snake:1  | Identified the ring "Utecled" {+Fly MR+}
 29646 | Snake:1  | Received a gift from Okawaru
 30186 | Snake:2  | Received a gift from Okawaru
 30186 | Snake:2  | Reached skill level 10 in Shields
 30362 | Snake:2  | Found a shimmering blue altar of Sif Muna.
 31182 | Snake:3  | Found Joohaell's Food Boutique.
 31192 | Snake:3  | Found Qesch's Weapon Shop.
 31192 | Snake:3  | Found Liugythode's Jewellery Boutique.
 31194 | Snake:3  | Reached skill level 15 in Unarmed Combat
 31196 | Snake:3  | Found Deiluiw's Armour Shop.
 31210 | Snake:3  | Bought a cursed -3 ring of dexterity for 34 gold pieces
 31210 | Snake:3  | Bought a cursed -3 ring of slaying for 34 gold pieces
 31270 | Snake:3  | Reached XP level 18. HP: 98/185 MP: 22/22
 31535 | Snake:3  | Found Duyx's Magic Scroll Emporium.
 31551 | Snake:3  | Bought a scroll of acquirement for 936 gold pieces
 31551 | Snake:3  | Identified the amulet of Osunom {Spirit *Corrode +Inv rElec
                  | Dex+6} (You acquired it on level 3 of the Snake Pit)
 31551 | Snake:3  | Identified the +5 broad axe of Wyrd {freeze, rF+} (You
                  | acquired it on level 3 of the Snake Pit)
 31683 | Snake:4  | Entered Level 4 of the Snake Pit
 31836 | Snake:4  | Received a gift from Okawaru
 32048 | Snake:4  | Reached skill level 15 in Throwing
 32053 | Snake:4  | Received a gift from Okawaru
 32194 | Snake:4  | Found Fiene's Jewellery Boutique.
 32603 | Snake:4  | Received a gift from Okawaru
 32801 | Snake:4  | Received a gift from Okawaru
 33053 | Snake:4  | Received a gift from Okawaru
 33518 | Snake:4  | Got a serpentine rune of Zot
 33913 | D:12     | Killed Afeuxeg's ghost
 34062 | Vaults:1 | Entered Level 1 of the Vaults
 34153 | Vaults:1 | Received a gift from Okawaru
 34411 | Vaults:1 | Received a gift from Okawaru
 34597 | Vaults:1 | Received a gift from Okawaru
 34978 | Vaults:1 | Reached XP level 19. HP: 176/195 MP: 24/24
 36681 | Vaults:2 | Received a gift from Okawaru
 36794 | Vaults:2 | Paralysed by an ogre mage for 6 turns
 36999 | Vaults:2 | Received a gift from Okawaru
 37592 | Vaults:2 | Reached skill level 16 in Unarmed Combat
 38184 | Vaults:2 | Found Attubut's General Store.
 38235 | Vaults:2 | Found a staircase to the Crypt.
 38312 | Vaults:2 | Reached skill level 10 in Dodging
 38320 | Vaults:2 | Identified the cursed +0 leather armour "Lueth" {SInv
                  | Stlth+}
 38353 | Vaults:2 | Reached XP level 20. HP: 202/205 MP: 26/26
 38373 | Vaults:2 | Received a gift from Okawaru
 38927 | Vaults:3 | Noticed Sojobo
 38960 | Vaults:3 | Killed Sojobo
 39414 | Vaults:3 | Received a gift from Okawaru
 39619 | Vaults:3 | Reached skill level 10 in Invocations
 39657 | Vaults:3 | Found Edeets's Antique Weapon Shop.
 40837 | Vaults:4 | Received a gift from Okawaru
 41660 | Vaults:5 | Entered Level 5 of the Vaults
 41660 | Vaults:5 | Noticed an ancient lich
 41857 | Depths:1 | Entered Level 1 of the Depths
 41878 | Depths:1 | Upgraded the game from 0.25-a0-822-g6581751 to
                  | 0.25-a0-829-g4e6a552
 41917 | Depths:1 | Received a gift from Okawaru
 42019 | Depths:1 | Reached XP level 21. HP: 194/215 MP: 27/27
 42284 | Depths:1 | Found a shattered altar of Ashenzari.
 42365 | Depths:1 | Received a gift from Okawaru
 42386 | Depths:1 | Got twisted gold dragon scales {god gift}
 42389 | Depths:1 | Identified the +8 gold dragon scales of the Eight Coins
                  | {*Contam +Blink +Inv rPois rF+ rC+ rN++} (Okawaru gifted it
                  | to you on level 1 of the Depths)
 42593 | Depths:1 | Found a gateway to Hell.
 42742 | Depths:1 | Noticed Bai Suzhen
 42755 | Depths:1 | Killed Bai Suzhen
 42841 | Depths:1 | Found a portal to a secret trove of treasure.
 43232 | Orc:2    | Bought the +9 scales of the Dragon King {rPois rF+ rC+ MR+}
                  | for 3993 gold pieces
 43232 | Orc:2    | Found the +9 scales of the Dragon King {rPois rF+ rC+ MR+}
 43473 | Depths:2 | Noticed Asterion
 43485 | Depths:2 | Killed Asterion
 43485 | Depths:2 | Reached skill level 17 in Unarmed Combat
 44188 | Depths:2 | Paralysed by a floating eye for 3 turns
 44328 | Depths:2 | Killed from afar by a lich

Levels and vault maps discovered:
D:1:      nicolae_arrival_somewhat_less_tricky_arrival, layout_loops_corners,
          supply_closet_lemuel, grunt_decor_cap
D:2:      layout_rooms
D:3:      layout_loops_ring, nicolae_overflow_crystal_walls,
          hangedman_abyss_or_decor_stabs, lemuel_statue_altar
D:4:      layout_gridville, fiery_altar_vehumet, uniq_ijyb,
          uniq_crazy_yiuf_cottage
D:5:      lemuel_castle_with_subvaults [lemuel_castle_interior_original],
          layout_cave_pools, dancing_weapons_uskayaw, serial_shops, shop,
          lightli_sewer_entry_pipes, first_ration
D:6:      layout_cave_pods, minmay_fire_ice_demons, uniq_maggie
D:7:      cheibrodos_barr_body, layout_basic, minmay_overflow_temple_star_quad,
          minmay_temple_entry_trees
D:8:      kennysheep_kobold_camp, layout_basic, kiku_gazebo_garden_becter,
          erik_lair_orcish_takeover, serial_shops, nicolae_shop_waterfront
D:9:      hangedman_cross_stitches, layout_gridville,
          gammafunk_temple_overflow_statue, overflow_temple_1_default,
          uniq_joseph
D:10:     layout_gridville, orc_david_3
D:11:     layout_cave_pools
D:12:     layout_rooms, gammafunk_ghost_necromancy
D:13:     layout_irregular_city, minmay_misc_feat_doors, the_bakery,
          grunt_decor_resistance, chequers_mini_garden,
          minmay_fractal_squares_gapless_7, uniq_snorg
D:14:     layout_loops_ring, david_vaults_5,
          hangedman_abyss_or_decor_lesser_grid, uniq_jorgrun
D:15:     grunt_enter_depths_giant_problem, layout_rooms,
          hangedman_decor_slide_cut
Temple:   nicolae_temple_no_exploring_needed
Lair:1:   layout_hall_layers, minmay_hedge_maze, grunt_megastairs_4,
          infiniplex_staircase_pool
Lair:2:   layout_regular_city, nicolae_swamp_entry_splash_gauntlet,
          guppyfry_snake_entry_island, ldierk_geyser, minmay_lair_oklob_chamber,
          grunt_megastairs_5, serial_bayou_shore_a, uniq_erica
Lair:3:   layout_chaotic_city, ebering_ghost_rock_garden, uniq_rupert,
          uniq_fannar
Lair:4:   layout_loops_ring
Lair:5:   layout_cave_pods, serial_bayou_shore_b, grunt_megastairs_2, uniq_urug
Lair:6:   grunt_lair_end_beastmaster, layout_cave_shapes, slime_dummy,
          columned_hall_lemuel, lemuel_fruit_tree
Swamp:1:  layout_basic_swamp, evilmike_swamp_ruin_house_2
Swamp:2:  layout_basic_swamp, gammafunk_ghost_mausoleum, serial_swamp_ruin,
          evilmike_swamp_ruin_house_4, evilmike_swamp_ruin_rubble_2,
          uniq_nikola, uniq_kirke, uniq_louise
Swamp:3:  layout_basic_swamp, nicolae_swamp_very_dense_foliage, uniq_donald
Swamp:4:  swamp_alternative, layout_basic_swamp
Snake:1:  layout_onion, hangedman_snake_sidewinding, grunt_megastairs_1
Snake:2:  layout_basic, basic_altar
Snake:3:  layout_misc_corridors, serial_shops, shop, minmay_shoptagon
Snake:4:  johnstein_snake_rune_scales, layout_cave_town,
          minmay_shop_enchanted_jewellery
Orc:1:    layout_caves
Orc:2:    grunt_orc_cross, layout_caves, basic_altar, serial_shops, shop_coins,
          enter_volcano_3
Vaults:1: hangedman_vaults_stretched_pinwheel, nicolae_vaults_little_squares_5,
          v_misc_3, v_misc_4, v_misc_4, nicolae_vaults_little_squares_1,
          hangedman_vaults_locks, nicolae_vaults_little_squares_2, st_cells,
          vaults_room_fours, serial_ice_m, nicolae_vaults_mini_display_case,
          layout_vaults_big_cross
Vaults:2: hangedman_vaults_stream, v_misc_16, minmay_crypt_entry_simple_walls,
          v_misc_4, v_misc_10, grunt_vaults_hallway_short, special_room_vaults
          [special_room_orc], nicolae_vaults_alarming, v_misc_16,
          vaults_room_pools, nicolae_vaults_border_crossing,
          vaults_room_hallway, layout_vaults_omnigrid, serial_shops,
          nicolae_shop_trees
Vaults:3: v_misc_30, nicolae_vaults_bisected_slash, vaults_mumra_hex,
          ontoclasm_vaults_idyll, nicolae_vaults_network_s, vaults_room_boxed,
          v_misc_23, v_misc_26, hangedman_vaults_river_flow,
          ontoclasm_vaults_ring_square, nicolae_vaults_little_squares_4,
          layout_vaults_omnibox, serial_shops, shop, uniq_sojobo
Vaults:4: v_alt_pattern_3, v_misc_28, vaults_dpeg_doors, hangedman_vaults_pinch,
          v_rooms_3, grunt_vaults_diagonal, vaults_room_door_hall, v_misc_1,
          v_misc_10, vaults_mumra_chevron, grunt_vaults_hallway_long,
          nicolae_vaults_theta, layout_vaults_ring
Vaults:5: uniq_boris, uniq_saint_roka
Depths:1: layout_gridlike, grunt_hell_entry_dis_old,
          nicolae_trove_entry_crystal, hex_intersection, minivault_15,
          grunt_ministairs_7, minivault_16, st_stairs_8, serial_bayou_pond_a,
          hangedman_abyss_or_decor_stagger, evilmike_ruin_ashenzari,
          uniq_bai_suzhen
Depths:2: little_maze_vault, layout_cave_pools, serial_shops, shop,
          pf_vacation_house_of_asmodeus, hangedman_abyss_or_decor_passed,
          nicolae_alphabet_shops, st_stairs_10, infiniplex_staircase_diamond,
          uniq_asterion

Skill      XL: |  1  2  3  4  5  6  7  8  9 10 11 12 13 14 15 16 17 18 19 20 21 |
---------------+----------------------------------------------------------------+-----
Fighting       | 3 4 5 6 7 8 9 10 11 12 13 14 | 14.8
Unarmed Combat | 3 4 5 6 7 8 9 10 11 12 13 14 15 16 17 | 17.2
Throwing       | 1 2 4 5 7 8 9 10 11 12 13 14 15 16 | 16.8
Armour         | 1 3 5 6 7 9 10 11 12 13 | 13.7
Shields        | 3 5 6 7 8 9 10 11 12 | 12.6
Dodging        | 4 6 7 8 9 10 | 10.1
Invocations    | 3 5 7 8 9 10 | 10.0

Action                   |  1- 3 |  4- 6 |  7- 9 | 10-12 | 13-15 | 16-18 | 19-21 || total
-------------------------+-------+-------+-------+-------+-------+-------+-------++-------
Melee: Unarmed           |    70 |   228 |   642 |  1025 |  1514 |  2109 |  1649 ||  7237
       Scimitar          |       |       |       |     9 |     4 |       |       ||    13
Throw: Boomerang         |       |       |       |     2 |    81 |   101 |     5 ||   189
Invok: Heroism           |       |       |       |     1 |     2 |     3 |     4 ||    10
       Finesse           |       |       |       |       |       |     1 |     2 ||     3
Evoke: Wand              |       |       |       |       |     1 |       |     1 ||     2
  Use: Scroll            |     3 |     7 |     9 |     9 |    12 |    10 |     6 ||    56
       Potion            |       |       |       |       |     2 |     2 |     5 ||     9
 Stab: Confused          |       |       |       |       |       |     1 |     1 ||     2
  Eat: Chunk             |    12 |    20 |    34 |    75 |    91 |    70 |    86 ||   388
       Ration            |       |       |       |       |       |    12 |       ||    12
Armor: Robe              |    29 |    46 |       |       |       |       |       ||    75
       Gold dragon scale |       |    33 |   545 |   941 |   941 |  1250 |   657 ||  4367
       Skin              |       |     6 |       |       |       |       |       ||     6
Dodge: Dodged            |    25 |    60 |    29 |   119 |   219 |   281 |   270 ||  1003
Block: Kite shield       |    30 |    99 |   316 |   587 |   260 |       |       ||  1292
       Tower shield      |       |       |       |       |  1047 |  2779 |  2015 ||  5841
       Reflection        |       |       |       |       |     1 |   206 |    83 ||   290
       Rpst.: Scimitar   |       |       |       |     1 |       |       |       ||     1

Table legend:
 A = Non-vault XP
 B = Vault XP
 C = Vault XP percentage of total XP
 D = Non-vault monster count
 E = Vault monster count
 F = Vault count percentage of total count
                 A         B        C        D         E       F
            +---------+---------+-------+---------+---------+-------
      Total |  380732 |  262181 |  40.8 |    1155 |     558 |  32.6
            +---------+---------+-------+---------+---------+-------
        D:1 |      40 |       0 |   0.0 |      24 |       0 |   0.0
        D:2 |     203 |       0 |   0.0 |      33 |       0 |   0.0
        D:3 |     189 |       0 |   0.0 |      33 |       0 |   0.0
        D:4 |     743 |     118 |  13.7 |      33 |       3 |   8.3
        D:5 |    1084 |    1000 |  48.0 |      25 |      75 |  75.0
        D:6 |    1090 |     451 |  29.3 |      22 |       3 |  12.0
        D:7 |     457 |    2004 |  81.4 |      14 |      11 |  44.0
        D:8 |    3866 |     969 |  20.0 |      23 |      30 |  56.6
        D:9 |    2118 |    1162 |  35.4 |      27 |      11 |  28.9
       D:10 |    4035 |       9 |   0.2 |      49 |       3 |   5.8
       D:11 |    3388 |       0 |   0.0 |      29 |       0 |   0.0
       D:12 |    3890 |    3967 |  50.5 |      20 |       9 |  31.0
       D:13 |    7752 |    6512 |  45.7 |      28 |      10 |  26.3
       D:14 |   15369 |    5596 |  26.7 |      34 |       6 |  15.0
       D:15 |   12943 |    1455 |  10.1 |      38 |       1 |   2.6
     Lair:1 |    2765 |      93 |   3.3 |      16 |       1 |   5.9
     Lair:2 |    6107 |    3762 |  38.1 |      26 |      12 |  31.6
     Lair:3 |    5859 |    5162 |  46.8 |      21 |       3 |  12.5
     Lair:4 |    4338 |       0 |   0.0 |      12 |       0 |   0.0
     Lair:5 |    9782 |     839 |   7.9 |      29 |       1 |   3.3
     Lair:6 |   12725 |   10052 |  44.1 |      38 |      20 |  34.5
    Swamp:1 |   11183 |       0 |   0.0 |      34 |       0 |   0.0
    Swamp:2 |    6109 |   13543 |  68.9 |      23 |      21 |  47.7
    Swamp:3 |   20066 |    3046 |  13.2 |      47 |       2 |   4.1
    Swamp:4 |    9891 |   16999 |  63.2 |      33 |      24 |  42.1
    Snake:1 |   12820 |   14938 |  53.8 |      28 |      23 |  45.1
    Snake:2 |   11570 |       0 |   0.0 |      22 |       0 |   0.0
    Snake:3 |   18574 |     413 |   2.2 |      36 |       1 |   2.7
    Snake:4 |   17508 |   33377 |  65.6 |      32 |      58 |  64.4
      Orc:1 |    2166 |    1337 |  38.2 |      14 |       6 |  30.0
      Orc:2 |    2100 |    6584 |  75.8 |      29 |      34 |  54.0
   Vaults:1 |   28015 |   24296 |  46.4 |      67 |      41 |  38.0
   Vaults:2 |   52256 |   28866 |  35.6 |      86 |      52 |  37.7
   Vaults:3 |   23699 |   25750 |  52.1 |      33 |      21 |  38.9
   Vaults:4 |   27077 |   17450 |  39.2 |      41 |      22 |  34.9
   Depths:1 |   24291 |    8543 |  26.0 |      39 |       5 |  11.4
   Depths:2 |   14664 |   19454 |  57.0 |      17 |      13 |  43.3
      Sewer |       0 |     158 | 100.0 |       0 |      16 | 100.0
    Volcano |       0 |    4276 | 100.0 |       0 |      20 | 100.0
            +---------+---------+-------+---------+---------+-------
